 Dungeon Crawl Stone Soup version 0.18-a0-23-g19353e1 (webtiles) character file.

38 Nopony the Conjurer (level 3, -4/19 HPs)
             Began as a Deep Elf Conjurer on Nov 2, 2015.
             Slain by Terence
             ... wielding a +0 hand axe
              (6 damage)
             ... on level 1 of the Dungeon.
             The game lasted 00:10:49 (1637 turns).

Nopony the Conjurer (Deep Elf Conjurer)             Turns: 1637, Time: 00:10:50

Health: -4/19      AC:  2    Str:  5    XL:     3   Next: 25%
Magic:  0/10       EV: 13    Int: 20    God:
Gold:   81         SH:  0    Dex: 15    Spells: 2 memorised, 5 levels left

rFire  . . .     SeeInvis .     (no weapon)
rCold  . . .     Clarity  .     a - +0 robe
rNeg   . . .     SustAt   .     (no shield)
rPois  .         Gourm    .     (no helmet)
rElec  .         Spirit   .     (no cloak)
rCorr  .         Warding  .     (no gloves)
rMut   .         Stasis   .     (no boots)
MR     .....                    (no amulet)
Stlth  ++........               (no ring)
                                (no ring)

@: not resistant to hostile enchantments, unstealthy
A: no striking features
a: no special abilities


You were on level 1 of the Dungeon.
You were not hungry.

You visited 1 branch of the dungeon, and saw 2 of its levels.

You collected 81 gold pieces.

Inventory:

Armour
 a - a +0 robe (worn)
Scrolls
 c - 3 scrolls of fog {unknown}
 d - a scroll of blinking {unknown}
 g - a scroll of enchant armour {unknown}
 h - a scroll of teleportation {unknown}
 i - 4 scrolls of identify {unknown}
 k - 2 scrolls of remove curse {unknown}
 l - a scroll of magic mapping {unknown}
 n - a scroll of enchant weapon {unknown}
Potions
 e - 2 potions of might {unknown}
 f - a potion of agility {unknown}
 j - a potion of lignification {unknown}
Books
 b - a book of Conjurations

   Spells                             Type                      Level
   a - Magic Dart                     Conjuration                  1
   b - Searing Ray                    Conjuration                  2
   c - Dazzling Spray                 Conjuration/Hexes            3
   d - Fulminant Prism                Conjuration/Hexes            4
   e - Iskenderun's Mystic Blast      Conjuration                  4
   f - Iskenderun's Battlesphere      Conjuration/Charms           5
Comestibles
 m - a slice of pizza


   Skills:
 + Level 2.5 Dodging
 - Level 2.5 Stealth
 + Level 3.5 Spellcasting
 + Level 5.3 Conjurations
 * Level 0.3 Hexes


You had 5 spell levels left.
You knew the following spells:

 Your Spells              Type           Power        Failure   Level  Hunger
a - Magic Dart            Conj           ###.         1%          1    None
b - Dazzling Spray        Conj/Hex       ##......     14%         3    ###....


Dungeon Overview and Level Annotations

Branches:
Dungeon (2/15)

Altars:
Cheibriados

Annotations:
D:1 Terence


Message History

Aim: Terence, wielding a hand axe and wearing a chain mail (severely wounded)
The magic dart hits Terence.
Terence is severely wounded.
Terence closely misses you.
Casting: Magic Dart
Confirm with . or Enter, or press ? or * to list all spells.
Aiming: Magic Dart
Press: ? - help, Shift-Dir - straight line, f/p - Terence
Aim: Terence, wielding a hand axe and wearing a chain mail (severely wounded)
The magic dart hits Terence.
Terence is severely wounded.
Casting: Magic Dart
Confirm with . or Enter, or press ? or * to list all spells.
Aiming: Magic Dart
Press: ? - help, Shift-Dir - straight line, f/p - Terence
Aim: Terence, wielding a hand axe and wearing a chain mail (severely wounded)
The magic dart hits Terence.
Terence is severely wounded.
Terence hits you with a hand axe.
You die...

......###### .÷.........#
############# ...........#
#...........# ...........#
#...........# ##.........#
#...........# #.#.......#
#...........# ##.#.......#
#...........#
..........######...........#
...............@@..........#
#################..#########
...............>#..#
≈§≈≈............#..#
≈§≈≈≈≈..........#..#
§..≈§§≈≈≈≈..§...#..##
...[.§≈≈≈≈≈≈....##..#
........≈≈≈≈....##..###
#######.≈≈≈§....###.#.######


You could see Terence.

Vanquished Creatures
  2 oozes (D:1)
  2 worms (D:2)
  A giant gecko (D:1)
  A giant cockroach (D:2)
  2 hobgoblins (D:2)
  A ball python (D:2)
  4 bats
  4 giant newts
  6 goblins
  A kobold (D:1)
  5 rats
29 creatures vanquished.

Notes
Turn   | Place    | Note
--------------------------------------------------------------
     0 | D:1      | Nopony the Deep Elf Conjurer began the quest for the Orb.
     0 | D:1      | Reached XP level 1. HP: 10/10 MP: 6/6
   135 | D:1      | Reached XP level 2. HP: 15/15 MP: 1/8
   232 | D:1      | Reached skill level 5 in Conjurations
  1019 | D:2      | Reached XP level 3. HP: 19/19 MP: 4/9
  1392 | D:2      | Learned a level 3 spell: Dazzling Spray
  1443 | D:2      | Noticed Terence
  1530 | D:2      | Found a snail-covered altar of Cheibriados.
  1637 | D:1      | Slain by Terence

Vault maps used:
D:1:      erik_arrival_gehennom
D:2:      cheibriados_altar_1, uniq_terence

Action                   || total
-------------------------++-------
 Cast: Magic Dart        ||    84
       Dazzling Spray    ||     4
  Eat: Bread ration      ||     1
